 Dungeon Crawl Stone Soup version 0.25.1-2-g60ff931df9 (webtiles) character file.

Game seed: 11544737216857042147

536 TheDerkunE the Chopper (level 7, -1/61 HPs)
             Began as a Hill Orc Berserker on Oct 23, 2020.
             Was a Priest of Trog.
             Killed from afar by an orc wizard (15 damage)
             ... with a puff of flame
             ... on level 4 of the Dungeon.
             The game lasted 00:21:56 (3353 turns).

TheDerkunE the Chopper (Hill Orc Berserker)         Turns: 3353, Time: 00:21:56

Health: -1/61      AC: 10    Str: 19 (22) XL:     7   Next: 25%
Magic:  7/7        EV: 11    Int:  6 (7)  God:    Trog [***...]
Gold:   230        SH:  0    Dex:  7 (10) Spells: 6/6 levels left

rFire    x . .     SeeInvis .   t - +2 scythe (vorpal)
rCold    + . .     Gourm    .   (shield currently unavailable)
rNeg     . . .     Faith    .   i - +1 ring mail (curse)
rPois    .         Spirit   .   q - +2 hat
rElec    .         Reflect  .   (no cloak)
rCorr    .         Harm     .   n - +0 pair of gloves
MR       .....                  (no boots)
Stlth    ..........             (no amulet)
HPRegen  0.20/turn              u - ring of ice
MPRegen  0.10/turn              (no ring)

@: confused, flying
A: no striking features
a: Berserk, Trog's Hand, Renounce Religion


You were on level 4 of the Dungeon.
You worshipped Trog.
Trog was most pleased with you.
You were not hungry.

You visited 1 branch of the dungeon, and saw 4 of its levels.

You collected 230 gold pieces.

Inventory:

Hand Weapons
 a - a +1 hand axe
 t - a +2 vorpal scythe (weapon)
Missiles
 h - 72 stones (quivered)
 A - 21 bolts
Armour
 b - a +0 plate armour
 i - a cursed +1 ring mail (worn)
 n - a +0 pair of gloves (worn)
 q - a +2 hat (worn)
 x - a +0 chain mail
Jewellery
 u - a ring of ice (left hand)
Scrolls
 e - 3 scrolls of immolation {unknown}
 k - a scroll of magic mapping
 m - 2 scrolls of remove curse {unknown}
 s - a scroll of enchant armour
 v - 2 scrolls of teleportation
 w - a scroll of fear {unknown}
 y - a scroll of amnesia {unknown}
Potions
 f - a potion of might {unknown}
 g - a potion of degeneration
 j - a potion of haste
 l - a potion of stabbing {unknown}
 o - a potion of magic
 p - a potion of berserk rage {unknown}
 r - a potion of flight
 z - 2 potions of curing {unknown}
Comestibles
 c - 5 rations
 d - a chunk of flesh


   Skills:
 + Level 5.6 Fighting
 + Level 6.2(6.5) Axes
 + Level 2.1(4.0) Polearms
 + Level 2.2 Throwing
 + Level 3.7 Armour
 + Level 2.6 Dodging
 + Level 0.3 Stealth


You had 6 spell levels left.
You didn't know any spells.
Your spell library was empty.

Dungeon Overview and Level Annotations

Branches:
Dungeon (4/15)
 Temple: D:4-7

Altars:
Uskayaw


Message History

The adder skeleton bites you.
* * * LOW HITPOINT WARNING * * *
The orc wizard gestures wildly while chanting.
The orc wizard flickers and vanishes!
Deactivating autopickup; reactivate with Ctrl-A.
The adder skeleton closely misses you. Something completely misses you.
It was a potion of flight.
You feel very buoyant.
You fly up into the air.
The adder skeleton misses you.
You hear some strange, mumbled words.
You are confused.
You slash the adder skeleton!
You destroy the adder skeleton!
Trog accepts your kill. Something hits you but does no damage.
You bump into the rock wall.
You hear some strange, mumbled words.
A puff of flame appears from out of thin air!
The puff of flame hits you! The fire burns you terribly!
You die...

.. ..........÷... #... ...
.#........... ..#...##..
###........... .(#
_.(#.#####............. .(#.
.(.....####........... ###..
.......%...#.........
.(.((##(##.................
#...(##.........÷<###+##
#.#####.#(..{@..........###...
###.#.....#..#)..............#..
...#.#.....................)...
#.#......#.#.#+########.......
###........#.#....# #.......
#................#### #.......
##...........#.......# #........
.............+.......# #........
....)........###.....# #.....###


There were no monsters in sight!

Vanquished Creatures
  Sigmund (D:2)
  A crimson imp (D:2)
  2 orc priests (D:3)
  Terence (D:2)
  Jessica (D:3)
  2 worker ants (D:4)
  An iguana (D:4)
  6 adders
  An adder skeleton (D:4)
  A worm (D:3)
  3 dart slugs
  7 leopard geckos
  7 orcs
  5 bats
  2 giant cockroaches (D:4)
  10 goblins
  7 hobgoblins
  6 jackals
  A quokka (D:3)
  A ball python (D:3)
  7 frilled lizards
  6 kobolds
  6 rats
85 creatures vanquished.

Notes
Turn   | Place    | Note
-------+----------+-------------------------------------------
     0 | D:1      | TheDerkunE the Hill Orc Berserker began the quest for the
                  | Orb.
     0 | D:1      | Reached XP level 1. HP: 19/19 MP: 1/1
   154 | D:1      | Reached XP level 2. HP: 11/27 MP: 2/2
   763 | D:1      | Reached XP level 3. HP: 30/34 MP: 3/3
   766 | D:1      | Reached ** piety under Trog
  1273 | D:2      | Reached skill level 5 in Axes
  1273 | D:2      | Reached XP level 4. HP: 41/41 MP: 4/4
  1519 | D:2      | Reached skill level 5 in Fighting
  1527 | D:2      | Noticed Terence
  1545 | D:2      | Killed Terence
  1545 | D:2      | Reached XP level 5. HP: 41/48 MP: 5/5
  1804 | D:2      | Noticed Sigmund
  1818 | D:2      | Killed Sigmund
  1818 | D:2      | Reached skill level 6 in Axes
  1818 | D:2      | Reached skill level 1 in Throwing
  1818 | D:2      | Reached XP level 6. HP: 15/56 MP: 6/6
  2144 | D:3      | Found a faded altar of an unknown god.
  2634 | D:3      | Reached *** piety under Trog
  2851 | D:3      | Noticed Jessica
  2853 | D:3      | Killed Jessica
  2853 | D:3      | Reached skill level 1 in Polearms
  2853 | D:3      | Reached XP level 7. HP: 61/61 MP: 7/7
  3252 | D:4      | Found a hide-covered altar of Uskayaw.
  3305 | D:4      | Noticed a +0 hand axe
  3307 | D:4      | Noticed a +0 hand axe
  3353 | D:4      | Killed from afar by an orc wizard

Illustrated notes

Levels and vault maps discovered:
D:1:      zaba_arrival_water, layout_basic, chequers_serial_rivers_micro_c
D:2:      layout_basic, uniq_sigmund, uniq_terence
D:3:      layout_basic, chequers_ecumenical_altar_simple_redux, uniq_jessica
D:4:      layout_basic, dancing_weapons_uskayaw

Skill      XL: |  1  2  3  4  5  6  7 |
---------------+----------------------+-----
Fighting       | 4 5 |  5.6
Axes           | 5 6 |  6.2
Dodging        | 2 |  2.6
Throwing       | 1 2 |  2.2
Armour         | 3 |  3.7
Polearms       | 1 2 |  2.1
Stealth        | |  0.3

Action                   |  1- 3 |  4- 6 |  7- 9 || total
-------------------------+-------+-------+-------++-------
Melee: Hand axe          |    63 |    74 |       ||   137
       Scythe            |       |    51 |    53 ||   104
Throw: Stone             |    15 |    83 |    21 ||   119
Invok: Berserk           |       |     1 |       ||     1
  Use: Scroll            |     3 |     1 |       ||     4
       Potion            |     1 |       |     3 ||     4
  Eat: Chunk             |       |     7 |     2 ||     9
Armor: Leather armour    |    20 |       |       ||    20
       Ring mail         |     7 |    54 |    56 ||   117
Dodge: Dodged            |    32 |    71 |    42 ||   145
